 Dungeon Crawl Stone Soup version 0.22-a0-135-g6f012ad52b (webtiles) character file.

669 JackS81 the Changer (level 7, 0/48 HPs)
             Began as a Merfolk Transmuter on Jan 8, 2018.
             Was a Follower of Okawaru.
             Slain by a sky beast (6 damage)
             ... on level 5 of the Dungeon on Feb 1, 2018.
             The game lasted 00:24:29 (5144 turns).

JackS81 the Changer (Merfolk Transmuter)            Turns: 5144, Time: 00:24:30

Health: 0/48       AC:  2    Str: 10    XL:     7   Next: 58%
Magic:  10/10      EV: 23    Int: 15    God:    Okawaru [*.....]
Gold:   79         SH:  0    Dex: 22    Spells: 1/10 levels left

rFire    . . .     SeeInvis .     - Unarmed
rCold    . . .     Gourm    .   (shield currently unavailable)
rNeg     . . .     Faith    .   (armour currently unavailable)
rPois    x         Spirit   .   (helmet currently unavailable)
rElec    .         Reflect  .   (cloak currently unavailable)
rCorr    .         Harm     .   (gloves currently unavailable)
MR       .....                  (boots currently unavailable)
Stlth    ++++......             y - amulet of magic regeneration
HPRegen  0.16/turn              i - ring of stealth
MPRegen  0.37/turn              q - +3 ring of dexterity

@: spider-form (expiring)
A: tiny, (change form in water), (swift swim), (stealthy swim)
a: End Transformation, Heroism, Renounce Religion


You were on level 5 of the Dungeon.
You worshipped Okawaru.
Okawaru was aware of your devotion.
You were not hungry.
You were a venomous arachnid creature.
You visited 1 branch of the dungeon, and saw 5 of its levels.

You collected 79 gold pieces.

Inventory:

Missiles
 a - 38 arrows
 g - 20 sling bullets
 m - 89 stones (quivered)
 r - 35 poisoned needles
 s - 16 bolts
Armour
 b - a +0 robe
 w - a +1 robe of fire resistance (melded)
Jewellery
 i - a ring of stealth (left front leg)
 q - a +3 ring of dexterity (right front leg)
 y - an amulet of magic regeneration (around neck)
 A - an uncursed ring of flight {unknown}
Scrolls
 f - 2 scrolls of amnesia
 h - 3 scrolls of remove curse
 p - 4 scrolls of blinking {unknown}
 t - 2 scrolls of immolation {unknown}
 u - 2 scrolls of enchant weapon {unknown}
 v - a scroll of magic mapping {unknown}
 B - a scroll of teleportation {unknown}
 C - a scroll of fog {unknown}
Potions
 e - 3 potions of curing
 j - 3 potions of might
 k - a potion of haste {unknown}
 l - 2 potions of cancellation {unknown}
 o - 2 potions of lignification
 x - a potion of mutation {unknown}
 z - a potion of heal wounds {unknown}
 D - a potion of brilliance {unknown}
Books
 c - a book of Changes

   Spells                             Type                      Level
   a - Beastly Appendage              Transmutation                1
   b - Sticks to Snakes               Transmutation                2
   c - Spider Form                    Transmutation/Poison         3
   d - Ice Form                       Ice/Transmutation            4
   e - Blade Hands                    Transmutation                5
Comestibles
 d - 7 rations
 n - 3 chunks of flesh


   Skills:
 + Level 1.5 Fighting
 + Level 4.2 Dodging
 + Level 2.6 Stealth
 + Level 5.6 Unarmed Combat
 + Level 2.3 Spellcasting
 * Level 7.2 Transmutations
 - Level 1.0 Poison Magic
 - Level 1.3 Invocations


You had one spell level left.
You knew the following spells:

 Your Spells              Type           Power        Failure   Level  Hunger
a - Beastly Appendage     Tmut           ###...       5%          1    #......
b - Spider Form           Tmut/Pois      ##........   28%         3    ###....
c - Blade Hands           Tmut           ###.......   52%         5    ######.


Dungeon Overview and Level Annotations

Branches:
Dungeon (5/15)
 Temple: D:4-7

Altars:
Okawaru


Message History

* * * LOW HITPOINT WARNING * * *
The sky beast misses you.
You closely miss the adder.
You feel sick. The adder bites you.
* * * LOW HITPOINT WARNING * * *
The sky beast flickers out of sight!
Deactivating autopickup; reactivate with Ctrl-A.
Something hits you but does no damage.
You feel sick.
You feel better. The adder barely misses you. The adder misses you.
You bite the adder!
The adder is poisoned.
The adder is almost dead.
You kill the adder!
Okawaru accepts your kill. Something hits you but does no damage.
Something hits you. Something shocks you.
* * * LOW HITPOINT WARNING * * *
You hit something but do no damage. Something hits you.
* * * LOW HITPOINT WARNING * * *
Something shocks you.
You die...

............#
............###.
#..../.........
#............ #.........#
##.......# #......#
##.....### ##...{s...###
#...........#### ###
##..............####
...####......######......#
. ..#.........# #.....##
...#..........# #.....#
##..#........## #....##
..............## #....#
#....<.......## ##....#


There were no monsters in sight!

Vanquished Creatures
  An ogre (D:4)
  A phantom (D:4)
  A scorpion (D:2)
  A crimson imp (D:4)
  An orc priest (D:3)
  2 iguanas (D:4)
  Jessica (D:3)
  A bullfrog skeleton (D:4)
  Terence (D:3)
  An orc wizard (D:4)
  3 worker ants
  5 adders
  An adder skeleton (D:4)
  7 worms
  2 dart slugs
  2 leopard geckos (D:1)
  8 orcs
  2 ball pythons
  7 bats
  A giant cockroach (D:1)
  8 goblins
  6 hobgoblins
  7 jackals
  6 quokkas
  4 frilled lizards
  4 kobolds
  12 rats
96 creatures vanquished.

Notes
Turn   | Place    | Note
-------+----------+-------------------------------------------
     0 | D:1      | JackS81 the Merfolk Transmuter began the quest for the Orb.
     0 | D:1      | Reached XP level 1. HP: 15/15 MP: 3/3
    13 | D:1      | Reached skill level 3 in Transmutations
   265 | D:1      | Reached XP level 2. HP: 19/21 MP: 3/5
   905 | D:1      | Reached skill level 4 in Transmutations
   991 | D:1      | You fall through a shaft!
   997 | D:2      | Reached XP level 3. HP: 24/26 MP: 4/6
  1495 | D:2      | Learned a level 3 spell: Spider Form
  1499 | D:2      | Found an iron altar of Okawaru.
  1850 | D:1      | Upgraded the game from 0.22-a0-49-g614aadd271 to 0.22-a0-93-g6b88ebb18f
  1910 | D:2      | Became a worshipper of Warmaster Okawaru
  1938 | D:2      | Noticed a scorpion
  2247 | D:2      | Killed a scorpion
  2247 | D:2      | Reached XP level 4. HP: 32/32 MP: 4/7
  2371 | D:2      | Reached skill level 5 in Transmutations
  2494 | D:3      | Reached skill level 1 in Poison Magic
  2544 | D:3      | Reached XP level 5. HP: 10/37 MP: 1/8
  3189 | D:3      | Reached skill level 1 in Stealth
  3419 | D:3      | Noticed Terence
  3431 | D:3      | Killed Terence
  3431 | D:3      | Reached * piety under Okawaru
  3431 | D:3      | Reached skill level 6 in Transmutations
  3431 | D:3      | Reached XP level 6. HP: 41/43 MP: 6/9
  3444 | D:3      | Learned a level 5 spell: Blade Hands
  3636 | D:3      | Noticed Jessica
  3643 | D:3      | Killed Jessica
  3670 | D:3      | Upgraded the game from 0.22-a0-93-g6b88ebb18f to 0.22-a0-135-g6f012ad52b
  3776 | D:4      | Reached skill level 5 in Unarmed Combat
  3888 | D:4      | Reached skill level 1 in Invocations
  4021 | D:4      | Reached XP level 7. HP: 41/48 MP: 7/10
  4584 | D:4      | Reached skill level 7 in Transmutations
  5096 | D:5      | Entered Level 5 of the Dungeon
  5144 | D:5      | Slain by a sky beast

Vault maps used:
D:1:      dpeg_arrival_rhombus
D:2:      okawaru_ov_weapons_minmay
D:3:      uniq_jessica, uniq_terence
D:4:      first_ration
D:5:      lemuel_crystal_altar, amethyst_overflow_temple_binary, serial_shops,
          nicolae_shop_behind_doors, minmay_misc_feat_doors, tgw_xom

Skill      XL: |  1  2  3  4  5  6  7 |
---------------+----------------------+-----
Transmutations | 3 4 5 6 7 |  7.2
Dodging        | 3 4 |  4.2
Unarmed Combat | 4 5 |  5.6
Poison Magic   | 1 |  1.0
Stealth        | 1 2 |  2.6
Invocations    | 1 |  1.3
Fighting       | |  1.5
Spellcasting   | |  2.3

Action                   |  1- 3 |  4- 6 |  7- 9 || total
-------------------------+-------+-------+-------++-------
Melee: Unarmed           |    90 |   138 |    70 ||   298
       Headbutt          |    12 |     8 |       ||    20
       Punch             |     2 |     1 |     1 ||     4
Throw: Stone             |    19 |    10 |       ||    29
 Cast: Beastly Appendage |    26 |    15 |     1 ||    42
       Spider Form       |     2 |    14 |     9 ||    25
  Use: Potion            |     1 |     2 |     1 ||     4
       Scroll            |       |       |     5 ||     5
 Stab: Sleeping          |     1 |     3 |     2 ||     6
  Eat: Chunk             |     5 |     8 |     5 ||    18
Armor: Robe              |    13 |    10 |     1 ||    24
       Skin              |     1 |       |     2 ||     3
Dodge: Dodged            |    77 |    83 |    52 ||   212

Table legend:
 A = Spawn XP
 B = Non-spawn XP
 C = Spawn XP percentage of total XP
 D = Spawn monster count
 E = Non-spawn monster count
 F = Spawn count percentage of total count
 G = Total turns spent on level
                    A         B        C        D         E        F      G
               +---------+---------+-------+---------+---------+-------+---------
         Total |       0 |     957 |   0.0 |       0 |      96 |   0.0 |  5144
               +---------+---------+-------+---------+---------+-------+---------
           D:1 |       0 |      37 |   0.0 |       0 |      22 |   0.0 |  1691
           D:2 |       0 |     110 |   0.0 |       0 |      18 |   0.0 |   751
           D:3 |       0 |     258 |   0.0 |       0 |      36 |   0.0 |  1323
           D:4 |       0 |     539 |   0.0 |       0 |      19 |   0.0 |  1331
           D:5 |       0 |      13 |   0.0 |       0 |       1 |   0.0 |    48
               +---------+---------+-------+---------+---------+-------+---------
